 Dungeon Crawl Stone Soup version 0.30.1 (webtiles) character file.

Game seed: 6083823603574238485

940 Buachu the Chopper (level 7, 0/63 HPs)
             Began as a Minotaur Fighter on July 10, 2023.
             Was a Follower of Okawaru.
             Slain by Eustachio
             ... wielding a +2 rapier of venom
              (6 damage)
             ... on level 4 of the Dungeon.
             The game lasted 00:06:10 (3229 turns).

Buachu the Chopper (Minotaur Fighter)               Turns: 3229, Time: 00:06:11

Health: 0/63       AC:  7    Str: 23    XL:     7   Next: 88%
Magic:  6/6        EV:  9    Int:  5    God:    Okawaru [*.....]
Gold:   183        SH:  5    Dex:  9    Spells: 6/6 levels left

rFire   . . .        a - +1 war axe
rCold   . . .        c - +0 buckler
rNeg    . . .        b - +0 scale mail
rPois   .            (helmet restricted)
rElec   .            (no cloak)
rCorr   .            (no gloves)
SInv    .            (no boots)
Will    .....        (no amulet) Stlth
                     (no ring)
HPRegen 0.30/turn    (no ring)
MPRegen 0.10/turn

%: no passive effects
@: mighty, lethally poisoned (0 -> -8)
A: horns 2, retaliatory headbutt
a: Renounce Religion, Heroism


You were on level 4 of the Dungeon.
You worshipped Okawaru.
Okawaru was aware of your devotion.
You visited 1 branch of the dungeon, and saw 4 of its levels.

You collected 183 gold pieces.

Inventory:

Hand Weapons
 a - a +1 war axe (weapon)
Missiles
 o - 10 poisoned darts (quivered)
Armour
 b - a +0 scale mail (worn)
 c - a +0 buckler (worn)
Jewellery
 k - a ring of resist corrosion
Wands
 l - a wand of flame (22)
 r - a wand of digging (3)
Scrolls
 i - 2 scrolls of immolation
 j - a scroll of amnesia {unknown}
 m - a scroll of torment {unknown}
 n - a scroll of blinking
 p - 2 scrolls of identify
Potions
 e - a potion of ambrosia
 f - 3 potions of curing
 g - 2 potions of lignification
 h - a potion of heal wounds {unknown}
 q - a potion of berserk rage {unknown}
 s - a potion of flight {unknown}
 t - a potion of mutation {unknown}


   Skills:
 + Level 6.0 Fighting
 * Level 7.2 Axes
 + Level 6.1 Armour
 + Level 6.0 Shields
 + Level 0.1 Evocations


You had 6 spell levels left.
You didn't know any spells.
Your spell library was empty.

Dungeon Overview and Level Annotations

Branches:
Dungeon (4/15)
 Temple: D:4-7

Altars:
Okawaru

Annotations:
D:3 3 runed translucent doors, Philippstinkt's ghost, amateur GnWn
D:4 Eustachio


Innate Abilities, Weirdness & Mutations

You have a pair of horns on your head.
You reflexively headbutt those who attack you in melee.


Message History

You kill the rat!
The rat's corpse disappears in a puff of smoke!
Eustachio drinks a potion.
Eustachio suddenly seems more resistant.
Found 6 stones.
You feel sick.
Eustachio hits you with a +2 rapier of venom!
You are more poisoned.
You miss Eustachio.
Eustachio is lightly wounded.
You feel very sick.
Eustachio hits you with a +2 rapier of venom.
You are lethally poisoned!
You feel very mighty all of a sudden.
* * * LOW HITPOINT WARNING * * *
You feel very sick.
Eustachio mumbles some strange words.
You barely miss Eustachio.
Eustachio is lightly wounded.
You hit the river rat.
* * * LOW HITPOINT WARNING * * *
You feel very sick. Eustachio closely misses you. You furiously retaliate!
You headbutt Eustachio!!
The river rat bites you but does no damage.
You closely miss Eustachio.
Eustachio is severely wounded.
You barely miss the river rat.
* * * LOW HITPOINT WARNING * * *
You feel very sick.
Eustachio casts a spell.
You block the river rat's attack.
You barely miss Eustachio.
Eustachio is severely wounded.
You closely miss the river rat. You closely miss the bat.
* * * LOW HITPOINT WARNING * * *
You feel very sick. The bat hits you but does no damage. x2
Eustachio mumbles some strange words.
The river rat bites you but does no damage.
Eustachio hits you with a +2 rapier of venom.
You die...

### ##.### #...#.
###..... ##### #.......
##. ##...####....###
....#####............# #
....5.@.5....#....<.####
.....br@....###.....#...
.....5r............#....
......#b..#.).).#......#
(.....#..##.._..##.#....
..........#.).).#..#....
........................
...#........###.....[...
... #........#........<.
.##.###.............##


You could see Eustachio (resistant), a river rat (summoned), 3 white imps, a
quokka (summoned) and 2 bats.

Vanquished Creatures
  Pikel (D:4)
  Sigmund (D:4)
  A howler monkey (D:3)
  A hound (D:4)
  A gnoll bouda (D:3)
  Ijyb (D:3)
  2 iguanas
  An orc wizard (D:4)
  An adder (D:3)
  3 gnolls
  4 worms
  A dart slug (D:2)
  10 orcs
  8 ball pythons
  7 endoplasms
  3 giant cockroaches (D:1)
  7 goblins
  9 hobgoblins
  6 jackals
  8 kobolds
  4 bats
  3 frilled lizards
  16 rats
99 creatures vanquished.

Notes
Turn   | Place    | Note
-------+----------+-------------------------------------------
     0 | D:1      | Buachu the Minotaur Fighter began the quest for the Orb.
     0 | D:1      | Reached XP level 1. HP: 19/19 MP: 0/0
    58 | D:1      | Reached XP level 2. HP: 27/27 MP: 1/1
    86 | D:1      | Reached skill level 3 in Axes
   194 | D:1      | Found a faded altar of an unknown god.
   395 | D:1      | Reached XP level 3. HP: 31/33 MP: 2/2
  1484 | D:2      | Reached XP level 4. HP: 40/40 MP: 3/3
  1693 | D:3      | Reached skill level 4 in Axes
  1900 | D:3      | Found a runed translucent gate.
  1901 | D:3      | Found a runed translucent gate.
  1910 | D:3      | Noticed Philippstinkt's ghost (amateur GnWn)
  1913 | D:3      | Noticed a kobold brigand
  1917 | D:3      | Found a runed translucent gate.
  2481 | D:3      | Reached XP level 5. HP: 18/47 MP: 4/4
  2592 | D:4      | Noticed Ijyb
  2607 | D:3      | Killed Ijyb
  2608 | D:3      | Reached skill level 5 in Axes
  2696 | D:4      | Reached XP level 6. HP: 41/55 MP: 5/5
  2844 | D:4      | Noticed Sigmund
  2857 | D:4      | Killed Sigmund
  2858 | D:4      | Reached skill level 5 in Fighting
  2858 | D:4      | Reached skill level 5 in Armour
  2858 | D:4      | Reached skill level 5 in Shields
  2882 | D:4      | Found an iron altar of Okawaru.
  2892 | D:4      | Became a worshipper of Warmaster Okawaru
  2938 | D:4      | Noticed Pikel
  2946 | D:4      | Killed Pikel
  2946 | D:4      | Reached * piety under Okawaru
  2947 | D:4      | Reached skill level 7 in Axes
  2947 | D:4      | Reached XP level 7. HP: 25/62 MP: 6/6
  3214 | D:4      | Noticed Eustachio
  3229 | D:4      | Slain by Eustachio

Illustrated notes

Levels and vault maps discovered:
D:1:      lightli_arrival_noodles, layout_basic,
          hellmonk_ecumenical_altar_run_dry, minmay_rat_gold_closets
D:2:      layout_loops_ring
D:3:      layout_basic, gammafunk_ghost_nasty_kobolds
D:4:      layout_cave_pools, okawaru_ov_weapons_minmay, uniq_sigmund,
          uniq_eustachio, uniq_ijyb, uniq_pikel

Skill      XL: |  1  2  3  4  5  6  7 |
---------------+----------------------+-----
Axes           | 3 4 5 7 |  7.2
Armour         | 4 6 |  6.1
Shields        | 4 6 |  6.0
Fighting       | 4 5 6 |  6.0
Evocations     | |  0.1

Action                     |  1- 3 |  4- 6 |  7- 9 || total
---------------------------+-------+-------+-------++-------
  Melee: War axe           |   105 |    84 |    13 ||   202
         Headbutt          |    11 |    14 |     2 ||    27
    Use: Scroll            |     6 |     3 |       ||     9
         Potion            |       |     2 |     1 ||     3
 Armour: Scale mail        |    34 |    43 |     5 ||    82
  Dodge: Dodged            |    35 |    41 |     5 ||    81
  Block: Buckler           |    19 |    27 |     1 ||    47
